 Dungeon Crawl Stone Soup version 0.24.0-2-g5b39cebb1c (console) character file.

Game seed: 13838454432144723199, levelgen mode: deterministic

1377 AlterAsc the Zephyrmancer (level 8, -2/41 HPs)
             Began as a Tengu Air Elementalist on Oct 31, 2019.
             Slain by an unseen horror (8 damage)
             ... on level 6 of the Dungeon.
             The game lasted 00:29:07 (6721 turns).

AlterAsc the Zephyrmancer (Tengu Air Elementalist)  Turns: 6721, Time: 00:29:07

Health: -2/41      AC:  3    Str:  9    XL:     8   Next: 66%
Magic:  25/26      EV: 17    Int: 18    God:
Gold:   303        SH:  0    Dex: 14    Spells: 11/17 levels left

rFire    . . .     SeeInvis .   v - +0 short sword (flame)
rCold    . . .     Gourm    .   (no shield)
rNeg     . . .     Faith    .   a - +0 robe
rPois    .         Spirit   .   q - +0 hat
rElec    .         Reflect  .   e - +0 cloak
rCorr    .         Harm     .   (no gloves)
MR       .....                  (boots unavailable)
Stlth    ++........             (no amulet)
HPRegen  0.13/turn              k - ring of magical power
MPRegen  0.20/turn              (no ring)

@: swift, flying quickly and evasively, very quick
A: beak, talons 3, able to fly
a: Stop Flying


You were on level 6 of the Dungeon.
You were hungry.

You visited 1 branch of the dungeon, and saw 7 of its levels.

You collected 303 gold pieces.

Inventory:

Hand Weapons
 v - a +0 short sword of flaming (weapon)
Missiles
 w - 8 javelins (quivered)
Armour
 a - a +0 robe (worn)
 e - a +0 cloak (worn)
 i - a scarf of repulsion
 o - a +0 leather armour
 q - a +0 hat (worn)
Jewellery
 k - a ring of magical power (left hand)
 s - an uncursed ring of see invisible {unknown}
 x - an uncursed ring of ice {unknown}
Wands
 z - a wand of polymorph (10)
 B - a wand of paralysis (10)
Scrolls
 b - 2 scrolls of teleportation {unknown}
 d - 4 scrolls of fog
 g - 8 scrolls of remove curse {unknown}
 h - 3 scrolls of identify
 j - 3 scrolls of enchant weapon
 n - 2 scrolls of enchant armour {unknown}
 p - 2 scrolls of amnesia {unknown}
 r - a scroll of blinking {unknown}
 u - 2 scrolls of random uselessness {unknown}
 y - a scroll of immolation {unknown}
 C - a scroll of noise {unknown}
Potions
 f - a potion of cancellation {unknown}
 l - 2 potions of berserk rage {unknown}
 m - 4 potions of curing
 t - 3 potions of haste {unknown}
 A - a potion of mutation {unknown}
Comestibles
 c - 7 rations


   Skills:
 + Level 4.5 Dodging
 - Level 2.1 Stealth
 + Level 5.3 Spellcasting
 + Level 7.3 Conjurations
 + Level 8.3 Air Magic


You had 11 spell levels left.
You knew the following spells:

 Your Spells              Type           Power        Failure   Level  Hunger
a - Shock                 Conj/Air       ####         1%          1    None
b - Swiftness             Chrm/Air       ###.....     3%          2    #......
c - Static Discharge      Conj/Air       ####....     1%          3    ##.....

Your spell library contained the following spells:

 Spells                   Type           Power        Failure   Level  Hunger
 Airstrike                Air            ####......   4%          4    ####...
 Lightning Bolt           Conj/Air       ####......   14%         5    ######.


Dungeon Overview and Level Annotations

Branches:
Dungeon (7/15)
 Temple: D:4-7

Altars:
Fedhas
Ru
Trog
Xom

Annotations:
D:4 Crazy Yiuf
D:6 3 exclusions, Menkaure


Innate Abilities, Weirdness & Mutations

You have a beak for a mouth.
You have claws for feet.
You can fly continuously.


Message History

Something hits you.
Casting: Shock (safe; 1% risk of failure)
Confirm with . or Enter, or press ? or * to list all spells.
You feel quick. Something hits you. Something barely misses you.
Something hits you. Something barely misses you. Something closely misses you.
Something hits you. Something hits you!
* * * LOW HITPOINT WARNING * * *
Okay, then.
You feel better. Something closely misses you. Something hits you!
* * * LOW HITPOINT WARNING * * *
Something barely misses you.
As you read the scroll labeled CITTEX MUAMP, it crumbles to dust.
It is a scroll of identify.
j - 3 scrolls of enchant weapon Something hits you!
You die...

...........'......#
...........#......#
........)..#.._...#
...........#......#
..g.....<..####..################
#########)....#..##...#.........#
........#..)..#.......#.........#
(.....).#.....'.......#.........#
........'...)(#.@{....#.........#
).(####.#.......####............#
..>############...((.####.......#
......# #...###?$)##......#
......# #..##g.##(?#......#
......## #..#c.# )#......#
####...# #..#s# #......# .....###
#.#.# ..... .....# #.#.


There were no monsters in sight!

Vanquished Creatures
  A black bear (D:5)
  A phantom (D:4)
  An ogre (D:6)
  A centaur (D:6)
  3 bullfrogs (D:6)
  A gnoll sergeant (D:6)
  3 scorpions
  2 howler monkeys
  A jelly (D:5)
  An orc priest (D:4)
  A gnoll shaman (D:4)
  A hound (D:6)
  2 orc wizards
  A bullfrog skeleton (D:5)
  Natasha (thrice) (D:4)
  A worker ant (D:6)
  A hound zombie (D:5)
  10 gnolls
  6 adders
  An adder skeleton (D:4)
  2 worms
  2 dart slugs
  2 leopard geckos
  13 orcs
  A ball python (D:2)
  6 giant cockroaches
  9 goblins
  6 hobgoblins
  2 jackals (D:4)
  2 quokkas
  8 bats
  4 frilled lizards
  A jackal skeleton (D:4)
  12 kobolds
  A leopard gecko zombie (D:6)
  7 rats
120 creatures vanquished.

Vanquished Creatures (others)
  A goblin (D:1)
1 creature vanquished.

Grand Total: 121 creatures vanquished

Notes
Turn   | Place    | Note
-------+----------+-------------------------------------------
     0 | D:1      | AlterAsc the Tengu Air Elementalist began the quest for the
                  | Orb.
     0 | D:1      | Reached XP level 1. HP: 10/10 MP: 4/4
   324 | D:1      | Reached XP level 2. HP: 14/15 MP: 4/6
   345 | D:1      | Learned a level 2 spell: Swiftness
   994 | D:1      | Reached XP level 3. HP: 7/19 MP: 0/7
  1810 | D:2      | Found a sacrificial altar of Ru.
  2476 | D:3      | Reached XP level 4. HP: 24/24 MP: 8/8
  2717 | D:3      | Learned a level 3 spell: Static Discharge
  2966 | D:3      | Reached skill level 5 in Air Magic
  3148 | D:4      | Gained mutation: You can fly continuously. [Tengu growth]
  3148 | D:4      | Reached XP level 5. HP: 25/28 MP: 10/10
  3288 | D:4      | Noticed Natasha
  3296 | D:4      | Killed Natasha
  3336 | D:4      | Noticed Natasha
  3342 | D:4      | Killed Natasha
  3342 | D:4      | Reached XP level 6. HP: 32/32 MP: 12/12
  3359 | D:4      | Noticed Natasha
  3366 | D:4      | Killed Natasha
  3521 | D:4      | Found a runed translucent door.
  3522 | D:4      | Noticed Crazy Yiuf
  3582 | D:4      | Noticed a phantom
  3624 | D:5      | Entered Level 5 of the Dungeon
  3687 | D:5      | Reached skill level 6 in Air Magic
  3874 | D:5      | Reached skill level 5 in Conjurations
  4208 | D:4      | Reached XP level 7. HP: 36/36 MP: 14/14
  4407 | D:4      | Reached skill level 7 in Air Magic
  4542 | D:4      | Found a shimmering altar of Xom.
  5331 | D:6      | Noticed Menkaure
  5542 | D:6      | Found a bloodstained altar of Trog.
  5569 | D:6      | Reached XP level 8. HP: 30/41 MP: 16/16
  5686 | D:6      | Reached skill level 5 in Spellcasting
  5746 | D:5      | Reached skill level 8 in Air Magic
  6023 | D:6      | Found a blossoming altar of Fedhas.
  6721 | D:6      | Slain by an unseen horror

Levels and vault maps discovered:
D:1:      shiori_arrival_oz, layout_basic
D:2:      layout_basic, hangedman_ru_absence, first_ration
D:3:      layout_rooms
D:4:      layout_loops_ring, kennysheep_mini_moat, uniq_crazy_yiuf_cottage,
          uniq_natasha
D:5:      layout_layer_cave, minmay_misc_feat_square
D:6:      layout_gridville, fedhas_altar_2, slow_altar_2,
          overflow_temple_1_default, nemelex_xobeh_ov_fountains_minmay,
          minmay_temple_entry_large_hall, minmay_alternating_orb,
          uniq_prince_ribbit1, uniq_menkaure
D:7:      black_bear_nest_2, layout_rooms, amethyst_overflow_temple_binary

Skill      XL: |  1  2  3  4  5  6  7  8 |
---------------+-------------------------+-----
Conjurations   | 2 3 4 5 6 7 |  7.3
Dodging        | 3 4 |  4.5
Air Magic      | 5 6 7 8 |  8.3
Spellcasting   | 3 4 5 |  5.3
Stealth        | |  2.1

Action                   |  1- 3 |  4- 6 |  7- 9 || total
-------------------------+-------+-------+-------++-------
Melee: Dagger            |     1 |       |       ||     1
       Peck              |     1 |       |       ||     1
       Short sword       |       |       |     1 ||     1
       Kick              |       |       |     1 ||     1
 Cast: Shock             |   105 |   123 |   111 ||   339
       Static Discharge  |       |     8 |    11 ||    19
       Swiftness         |       |     1 |     3 ||     4
 Abil: Fly               |       |     1 |       ||     1
  Use: Scroll            |       |     1 |     1 ||     2
       Potion            |       |       |     2 ||     2
  Eat: Chunk             |     6 |     4 |     3 ||    13
       Ration            |       |     1 |     1 ||     2
Armor: Robe              |    19 |     9 |     4 ||    32
Dodge: Dodged            |    30 |    32 |    58 ||   120
